 Dungeon Crawl Stone Soup version 0.31-a0-408-gb642c7f9a3 (webtiles) character file.

Game seed: 3313884217938683070

643 Gelion the Changeling (level 7, -1/47 HPs)
             Began as an Octopode Shapeshifter on July 30, 2023.
             Slain by a gnoll
             ... wielding a +0 flail
              (12 damage)
             ... on level 4 of the Dungeon.
             The game lasted 00:05:53 (2644 turns).

Gelion the Changeling (Octopode Shapeshifter)       Turns: 2644, Time: 00:05:53

Health: -1/47      AC:  1    Str: 15    XL:     7   Next: 51%
Magic:  7/7        EV: 13    Int: 10    God:
Gold:   219        SH:  0    Dex: 14    Spells: 6/6 levels left

rFire   . . .        j - +1 dagger (vamp)
rCold   . . .        (no shield)
rNeg    . . .        (helmet currently unavailable)
rPois   .            (no amulet)
rElec   .            (no ring)
rCorr   .            (no ring)
SInv    .            (no ring)
Will    .....        (no ring)
Stlth   ++           (no ring)
HPRegen 0.27/turn    (no ring)
MPRegen 0.10/turn    (no ring)
                     (no ring)

%: no passive effects
@: beast-form
A: beast (slay +3), almost no armour, amphibious, 8 rings, camouflage 1,
gelatinous body 1, (nimble swimmer 1), tentacles
a: Begin Untransformation


You were on level 4 of the Dungeon.
You were a hulking beast.
You visited 2 branches of the dungeon, and saw 5 of its levels.

You collected 219 gold pieces.

Inventory:

Hand Weapons
 j - a +1 vampiric dagger (weapon)
Missiles
 f - 4 boomerangs
Armour
 n - a +0 tower shield
Talismans
 b - a beast talisman
Wands
 q - a wand of charming (12)
Scrolls
 e - a scroll of teleportation {unknown}
 o - a scroll of enchant weapon {unknown}
 p - a scroll of poison {unknown}
Potions
 a - a potion of lignification
 c - a potion of resistance {unknown}
 d - a potion of berserk rage {unknown}
 g - a potion of attraction
 h - 2 potions of might {unknown}
 i - a potion of ambrosia {unknown}
 k - 2 potions of heal wounds {unknown}
 l - 3 potions of curing {unknown}
 m - a potion of haste {unknown}


   Skills:
 + Level 3.9 Fighting
 - Level 2.0 Dodging
 + Level 4.9 Unarmed Combat
 * Level 5.5 Shapeshifting


You had 6 spell levels left.
You didn't know any spells.
Your spell library contained the following spells:

 Spells                   Type           Power      Damage    Failure   Level
 Sting                    Tmut/Pois      0%         1d3       36%         1
 Poisonous Vapours        Pois/Air       0%         N/A       50%         2
 Mephitic Cloud           Conj/Pois/Air  0%         N/A       75%         3
 Olgreb's Toxic Radiance  Pois           0%         N/A       98%         4
 Freezing Cloud           Conj/Ice/Air   0%         6-21      100%        5


Dungeon Overview and Level Annotations

Branches:
Dungeon (4/15)             Temple (1/1) D:4

Altars:
Cheibriados
Dithmenos
Fedhas
Hepliaklqana
Makhleb
Okawaru
Ru
Sif Muna
Wu Jian
Zin
The Shining One

Shops:
D:1 *   D:2 !


Innate Abilities, Weirdness & Mutations

You are a hulking beast.
Your limbs bulge with bestial killing power. (Slay +3)
You cannot wear most types of armour.
You are amphibious.
You can wear up to eight rings at the same time.
Your skin changes colour to match your surroundings (Stealth+).
Your rubbery body absorbs attacks. (AC +1, EV +1)
((You are camouflaged when in or above water. (Stealth+)))
You have tentacles for arms and can constrict up to eight enemies at once.


Message History

You puncture the hound! You grab the hound.
The hound is heavily wounded.
You constrict the hound. The hound bites you. x2
You hit the hound. You tentacle-slap the hound.
The hound is almost dead.
You constrict the hound.
You kill the hound!
No target in view!
q - a wand of charming (12)
You see here a +0 club.
A gnoll comes into view. It is wielding a +0 halberd.
The gnoll shouts!
You hear a shout! 2 gnolls come into view.
The gnoll hits you with a +0 halberd!
The gnoll shouts!
You hit the gnoll. You grab the gnoll.
The gnoll is lightly wounded.
You constrict the gnoll. The gnoll hits you with a +0 halberd!
You hit the gnoll.
You feel better.
You squeeze the gnoll!
You kill the gnoll!
You hit the gnoll. You grab the gnoll. You tentacle-slap the gnoll.
The gnoll is moderately wounded.
You constrict the gnoll. The gnoll closely misses you.
You puncture the gnoll!
You kill the gnoll!
You hit the gnoll. Your grab misses the gnoll.
The gnoll is moderately wounded.
The gnoll hits you with a +0 flail!
You are too injured to fight recklessly!
You are too injured to fight recklessly!
You are too injured to fight recklessly!
You are too injured to fight recklessly!
You hit the gnoll. You grab the gnoll.
The gnoll is heavily wounded.
You constrict the gnoll. The gnoll hits you with a +0 flail!
* * * LOW HITPOINT WARNING * * *
You hit the gnoll.
The gnoll is almost dead.
You constrict the gnoll. The gnoll hits you with a +0 flail!
You die...

#####.....#.>##
#..........#
##.....#...#
####...##...#
#.).........#
#.########..#
#.# .#
##.########.#
......gh....#
###.#########


You could see a gnoll.

Vanquished Creatures
  Sigmund (D:4)
  An ogre (D:4)
  2 phantoms (D:4)
  A hound (D:4)
  A scorpion zombie (D:4)
  A hound zombie (D:4)
  5 gnolls
  6 adders
  2 adder skeletons (D:4)
  3 worms
  2 dart slugs
  An orc (D:2)
  5 ball pythons
  4 bats
  7 endoplasms
  3 giant cockroaches
  4 goblins
  3 hobgoblins
  3 jackals (D:1)
  4 kobolds
  2 quokkas
  7 frilled lizards
  5 rats
73 creatures vanquished.

Notes
Turn   | Place    | Note
-------+----------+-------------------------------------------
     0 | D:1      | Gelion the Octopode Shapeshifter began the quest for the
                  | Orb.
     0 | D:1      | Reached XP level 1. HP: 13/13 MP: 1/1
    99 | D:1      | Found Noodis's General Store.
   108 | D:1      | Reached XP level 2. HP: 17/18 MP: 2/2
   640 | D:2      | Reached XP level 3. HP: 18/24 MP: 3/3
   859 | D:2      | Reached XP level 4. HP: 28/29 MP: 4/4
  1110 | D:2      | Found a faded altar of an unknown god.
  1214 | D:2      | Found Onuwn's Distillery.
  1651 | D:3      | Reached skill level 4 in Shapeshifting
  1756 | D:3      | Reached XP level 5. HP: 35/35 MP: 5/5
  1873 | D:4      | Noticed a phantom
  1887 | D:4      | Killed a phantom
  2009 | D:4      | Noticed an ogre
  2039 | D:4      | Killed an ogre
  2040 | D:4      | Reached XP level 6. HP: 34/42 MP: 6/6
  2317 | D:4      | Noticed Sigmund
  2324 | D:4      | Killed Sigmund
  2325 | D:4      | Reached skill level 5 in Shapeshifting
  2325 | D:4      | Reached XP level 7. HP: 40/46 MP: 7/7
  2434 | D:4      | Found a staircase to the Ecumenical Temple.
  2456 | Temple   | Entered the Ecumenical Temple
  2644 | D:4      | Slain by a gnoll

Illustrated notes

Levels and vault maps discovered:
D:1:      scummos_arrival_star, layout_basic, serial_shops, shop,
          nicolae_concentric_dashed_squares_mild
D:2:      minmay_skewed_foursquare, layout_basic, serial_shops,
          nicolae_shop_advertising_works [nicolae_subvault_shop_adworks],
          ebering_ecumenical_altar_petrified
D:3:      layout_basic
D:4:      layout_loops_ring, temple_statues, serial_undead, serial_undead_c,
          serial_undead_b, serial_undead_d, serial_undead_e, serial_undead_b,
          uniq_sigmund
Temple:   grunt_temple_mini_profane

Skill      XL: |  1  2  3  4  5  6 |
---------------+-------------------+-----
Fighting       | 2 3 |  3.9
Shapeshifting  | 4 5 |  5.5
Unarmed Combat | 4 |  4.9
Dodging        | |  2.0

Action                     |  1- 3 |  4- 6 |  7- 9 || total
---------------------------+-------+-------+-------++-------
  Melee: Unarmed           |     9 |       |       ||     9
         Constrict         |    17 |    20 |     6 ||    43
         Tentacles         |    10 |    21 |     4 ||    35
         Dagger            |    46 |    91 |    19 ||   156
         Punch             |     1 |     3 |     3 ||     7
    Use: Scroll            |     2 |     2 |       ||     4
         Potion            |       |     1 |       ||     1
   Stab: Sleeping          |     2 |     6 |       ||     8
         Distracted        |       |     1 |       ||     1
 Armour: Skin              |     3 |     7 |       ||    10
  Dodge: Dodged            |    32 |    34 |     8 ||    74

Table legend: (Time is in decaauts)
 A = Elapsed time spent in this place.
 B = Non-inter-level travel time spent in this place.
 C = Inter-level travel time spent in this place.
 D = Time resting spent in this place.
 E = Time spent auto-exploring this place.
 F = Levels seen in this place.
 G = Mean time per level.
                   A        B        C        D        E       F      G
               +--------+--------+--------+--------+--------+-----+--------+
         Total |   2642 |   2516 |    126 |      0 |   1998 |   5 |  528.4 |
       Dungeon |   2583 |   2514 |     69 |      0 |   1998 |   4 |  645.8 |
        Temple |     58 |      1 |     57 |      0 |      0 |   1 |   58.0 |
               +--------+--------+--------+--------+--------+-----+--------+

Top non-repeatable levels by time:
     D:2: 853 daAuts
     D:4: 715 daAuts
     D:1: 562 daAuts
     D:3: 451 daAuts
  Temple: 58 daAuts
